Map: [ESL] Goldenaura

Players

Nanami - Winner!

  • Race: Protoss Protoss
  • Spawn Location: 12:00

Lemon

  • Race: Protoss Protoss
  • Spawn Location: 5:00

Event: ESL SC2 Masters 2024 Spring (Regional)

VOD

Have the link to the VOD?

Description

Time

  • Played on: April 27, 2024, 5:28 a.m.
  • Length: 9:11

All games in this series

Show
View Real Time Build Order
Export as new Build Order

Nanami Protoss - Winner!

Build Orders: Oracle Opening, Blink Stalkers 

Get SALT Encoding   

  12  0:00  Probe  
  13  0:12  Probe  
  14  0:17  Pylon  
  14  0:24  Probe (Chrono Boost)  
  15  0:36  Probe (Chrono Boost)  
  15  0:38  Gateway  
  16  0:45  Probe (Chrono Boost)  
  16  0:47  Assimilator  
  17  0:51  Probe  
  18  0:58  Assimilator  
  18  1:03  Probe (Chrono Boost)  
  19  1:09  Gateway  
  19  1:13  Probe (Chrono Boost)  
  20  1:18  Probe  
  21  1:26  Cybernetics Core  
  21  1:30  Probe  
  22  1:37  Pylon  
  22  1:44  Probe  
  23  1:57  Probe  
  24  2:02  Stalker x2  
  24  2:05  Warp Gate  
  28  2:13  Pylon  
  28  2:28  Stargate  
  28  2:49  Nexus  
  28  2:56  Probe  
  29  3:04  Shield Battery  
  29  3:08  Probe  
  29  3:09  Oracle (Chrono Boost)  
  33  3:20  Probe  
  33  3:22  Twilight Council  
  34  3:32  Probe  
  35  3:44  Probe, Pylon  
  35  3:45  Shield Battery  
  36  3:53  Blink (Chrono Boost)  
  36  3:56  Probe  
  37  4:04  Dark Shrine  
  37  4:05  Probe  
  37  4:08  Probe  
  39  4:13  Gateway  
  39  4:18  Probe  
  39  4:20  Probe  
  41  4:29  Stalker x2  
  41  4:30  Probe  
  46  4:33  Probe  
  46  4:37  Gateway  
  47  4:38  Assimilator  
  47  4:44  Gateway  
  47  4:45  Probe  
  47  4:47  Probe  
  49  4:52  Stalker  
  49  4:56  Stalker  
  49  4:59  Probe  
  54  5:00  Probe  
  54  5:04  Pylon  
  55  5:11  Probe, Stalker  
  58  5:19  Stalker x2  
  62  5:23  Pylon  
  63  5:32  Stalker  
  63  5:34  Stalker  
  66  5:35  Pylon  
  66  5:39  Stalker  
  65  5:51  Stalker x2  
  65  5:56  Probe  
  67  6:08  Stalker x3  
  74  6:17  Nexus  
  73  6:18  Probe  
  73  6:23  Probe  
  74  6:27  Robotics Facility  
  74  6:28  Charge (Chrono Boost)  
  74  6:30  Probe  
  75  6:35  Probe  
  76  6:42  Probe  
  76  6:46  Zealot x3  
  83  6:48  Zealot  
  83  6:52  Pylon  
  83  6:53  Pylon  
  83  6:54  Pylon  
  85  7:00  Zealot  
  83  7:07  Gateway x2  
  83  7:09  Sentry  
  83  7:12  Gateway  
  83  7:13  Observer (Chrono Boost)  
  86  7:20  Templar Archives  
  86  7:24  Zealot  
  86  7:25  Zealot  
  90  7:30  Warp Prism (Chrono Boost)  
  90  7:36  Zealot x2  
  96  7:40  Stalker  
  96  7:44  Probe x2  
  100  7:46  Probe  
  101  7:53  Zealot x2  
  107  8:01  High Templar  
  107  8:02  Zealot x2, High Templar  
  113  8:06  Archon  
  113  8:07  Zealot x2  
  113  8:12  Pylon  
  117  8:17  Zealot x2  
  117  8:20  Observer  
  117  8:26  High Templar x2  
  122  8:28  Zealot  
  122  8:31  Archon  
  116  8:35  Zealot x3  
  106  8:41  Zealot x2  
  96  8:48  Zealot  
  86  8:56  Zealot x4  
  86  8:57  Zealot  
  92  9:05  Zealot x2  
Show
View Real Time Build Order
Export as new Build Order

Lemon Protoss 

Build Orders: Phoenix Opening, Blink Stalkers 

Get SALT Encoding   

  12  0:00  Probe  
  13  0:12  Probe  
  14  0:17  Pylon  
  14  0:24  Probe (Chrono Boost)  
  15  0:36  Probe (Chrono Boost)  
  15  0:37  Gateway  
  16  0:44  Probe (Chrono Boost)  
  16  0:46  Assimilator  
  17  0:51  Probe  
  17  0:57  Assimilator  
  18  1:03  Probe (Chrono Boost)  
  19  1:08  Gateway  
  19  1:13  Probe (Chrono Boost)  
  19  1:18  Probe (Chrono Boost)  
  20  1:25  Cybernetics Core  
  21  1:30  Probe  
  22  1:37  Pylon  
  22  1:42  Probe  
  23  1:55  Probe  
  24  2:02  Stalker, Warp Gate  
  24  2:08  Sentry  
  26  2:12  Pylon  
  28  2:15  Probe  
  30  2:32  Sentry  
  30  2:36  Nexus  
  31  2:38  Phoenix  
  31  2:40  Probe  
  32  2:46  Shield Battery  
  32  2:52  Probe  
  33  2:58  Stalker  
  33  3:04  Probe  
  36  3:09  Twilight Council  
  36  3:15  Pylon  
  36  3:16  Phoenix  
  36  3:17  Probe  
  37  3:29  Probe (Chrono Boost)  
  38  3:39  Blink (Chrono Boost)  
  38  3:41  Probe (Chrono Boost)  
  39  3:46  Probe (Chrono Boost)  
  40  3:52  Stalker  
  40  3:54  Stalker  
  44  3:56  Probe  
  44  3:57  Probe  
  46  4:08  Probe  
  46  4:09  Probe  
  48  4:11  Robotics Facility  
  48  4:15  Stalker  
  50  4:20  Probe, Stalker  
  50  4:21  Probe  
  53  4:32  Probe  
  53  4:41  Nexus  
  53  4:43  Probe  
  54  4:48  Pylon  
  54  4:50  Probe  
  54  4:51  Stalker  
  57  4:55  Probe  
  57  4:57  Observer  
  59  5:00  Pylon  
  59  5:02  Stalker  
  59  5:04  Probe  
  62  5:15  Probe  
  62  5:16  Probe  
  62  5:20  Stalker  
  66  5:23  Pylon, Shield Battery  
  66  5:27  Stalker  
  68  5:30  Gateway  
  68  5:33  Immortal (Chrono Boost)  
  68  5:36  Probe  
  68  5:37  Observer  
  68  5:38  Probe  
  74  5:48  Probe  
  69  5:50  Probe  
  69  5:52  Stalker x2  
  69  5:54  Probe  
  67  6:00  Probe  
  67  6:02  Immortal (Chrono Boost)  
  62  6:11  Assimilator  
  62  6:15  Stalker  
  64  6:21  Stalker  
  65  6:25  Zealot  
  65  6:26  Probe  
  68  6:39  Gateway  
  68  6:40  Stalker  
  70  6:48  Nexus  
  70  6:49  Stalker  
  70  6:50  Stalker  
  70  6:52  Pylon  
  74  7:00  Probe x2  
  72  7:03  Forge  
  72  7:05  Stalker  
  74  7:10  Observer  
  74  7:12  Probe  
  74  7:14  Charge  
  74  7:15  Stalker  
  77  7:16  Shield Battery  
  77  7:17  Probe  
  78  7:23  Stalker  
  78  7:26  Probe  
  81  7:30  Stalker  
  81  7:37  Probe  
  81  7:39  Gateway  
  81  7:40  Gateway  
  82  7:46  Probe  
  82  7:49  Probe, Stalker  
  86  8:00  Stalker  
  86  8:01  Stalker x2  
  86  8:03  Gateway  
  90  8:13  Pylon  
  90  8:15  Pylon  
  90  8:17  Zealot  
  86  8:24  Zealot x3  
  88  8:38  Zealot x3  
  74  8:45  Zealot x3  
  61  8:48  Probe x2  
  61  8:49  Probe  
  53  8:57  Zealot  
  53  8:58  Stalker  
  49  9:03  Zealot  
Tags
 
Add a new tag
Caveats
  • Supply blocks, unpowered buildings, or Contaminate may cause inaccurate times.
  • Supply counts are checked every 10 seconds.